PIO (24 & UNDER)
SEATTLE RAINIERS @ COLORADO COMMANDERS
07/21/2026
 
TOP OF THE 1ST
Seattle Rainiers batting - Pitching for Colorado Commanders : RHP Eddie Huber
Pitching: RHP Eddie Huber
Batting: RHB Alfredo Farías 0-0: Called Strike
0-1: Ball
1-1: Called Strike
1-2: Ball
2-2: Foul Ball, location: 2F
2-2: Strikes out swinging
Batting: LHB Mike White 0-0: Foul Ball, location: 2F
0-1: Foul Ball, location: 2F
0-2: Ball
1-2: Ball
2-2: Foul Ball, location: 2F
2-2: Fly out, F9 (Flyball, 89M)
Batting: RHB Enrique Mendoza 0-0: Called Strike
0-1: Foul Ball, location: 2F
0-2: Ball
1-2: Ball
2-2: Strikes out swinging
Top of the 1st over - 0 run(s), 0 hit(s), 0 error(s), 0 left on base; Seattle 0 - Colorado 0
BOTTOM OF THE 1ST
Colorado Commanders batting - Pitching for Seattle Rainiers : LHP Nelson Béltre
Pitching: LHP Nelson Béltre
Batting: RHB Alberto Soto 0-0: Foul Ball, location: 2F
0-1: Swinging Strike
0-2: Ball
1-2: Strikes out swinging
Batting: RHB Chris Rice 0-0: Swinging Strike
0-1: Foul Ball, location: 2F
0-2: Strikes out swinging
Batting: RHB Tim Adkins 0-0: Swinging Strike
0-1: Ball
1-1: Foul Ball, location: 2F
1-2: Strikes out swinging
Bottom of the 1st over - 0 run(s), 0 hit(s), 0 error(s), 0 left on base; Seattle 0 - Colorado 0
TOP OF THE 2ND
Seattle Rainiers batting - Pitching for Colorado Commanders : RHP Eddie Huber
Batting: LHB Alan Moore 0-0: Ball
1-0: Fly out, F8 (Flyball, 8LM)
Batting: LHB Will Hill 0-0: Ball
1-0: Called Strike
1-1: Ball
2-1: Ground out 4-3 (Groundball, 34)
Batting: RHB Howard Russell 0-0: Ball
1-0: Ball
2-0: Ground out 1-3 (Groundball, 15)
Top of the 2nd over - 0 run(s), 0 hit(s), 0 error(s), 0 left on base; Seattle 0 - Colorado 0
BOTTOM OF THE 2ND
Colorado Commanders batting - Pitching for Seattle Rainiers : LHP Nelson Béltre
Batting: RHB Roberto Rodríguez 0-0: Foul Ball, location: 2F
0-1: Ball
1-1: Ball
2-1: Swinging Strike
2-2: Strikes out swinging
Batting: RHB Kyle Vélez 0-0: Ball
1-0: Called Strike
1-1: Called Strike
1-2: Foul Ball, location: 2F
1-2: Ball
2-2: Fly out, F8 (Flyball, 8RXD)
Batting: RHB Tony Barton 0-0: Ball
1-0: Swinging Strike
1-1: Foul Ball, location: 2F
1-2: Ball
2-2: Strikes out swinging
Bottom of the 2nd over - 0 run(s), 0 hit(s), 0 error(s), 0 left on base; Seattle 0 - Colorado 0
TOP OF THE 3RD
Seattle Rainiers batting - Pitching for Colorado Commanders : RHP Eddie Huber
Batting: RHB Albert Cordero 0-0: Ball
1-0: Ball
2-0: Called Strike
2-1: Called Strike
2-2: Ball
3-2: Strikes out swinging
Batting: RHB Vincent Braun 0-0: Ground out 6-3 (Groundball, 6)
Batting: RHB John Hill 0-0: Ball
1-0: Ball
2-0: Called Strike
2-1: Ground out 4-3 (Groundball, 4M)
Top of the 3rd over - 0 run(s), 0 hit(s), 0 error(s), 0 left on base; Seattle 0 - Colorado 0
BOTTOM OF THE 3RD
Colorado Commanders batting - Pitching for Seattle Rainiers : LHP Nelson Béltre
Batting: RHB Nick Crosby 0-0: Ball
1-0: SINGLE (Flyball, 4D)
Batting: RHB Adam Reeves 0-0: Called Strike
0-1: Called Strike
0-2: Ball
1-2: 2-RUN HOME RUN (Flyball, 8RXD), Distance : 422 ft
Batting: RHB Frank Martínez 0-0: Foul Ball, location: 2F
0-1: Foul Ball, location: 2F
0-2: Strikes out swinging
Batting: RHB Alberto Soto 0-0: Called Strike
0-1: Swinging Strike
0-2: Strikes out swinging
Batting: RHB Chris Rice 0-0: Ball
1-0: Ball
2-0: Called Strike
2-1: Foul Ball, location: 2F
2-2: Ball
3-2: Base on Balls
Batting: RHB Tim Adkins Pickoff Throw to First - Out!
Bottom of the 3rd over - 2 run(s), 2 hit(s), 0 error(s), 0 left on base; Seattle 0 - Colorado 2
TOP OF THE 4TH
Seattle Rainiers batting - Pitching for Colorado Commanders : RHP Eddie Huber
Batting: RHB Alfredo Farías 0-0: Ball
1-0: Ball
2-0: Ball
3-0: Base on Balls
Batting: LHB Mike White 0-0: Called Strike
0-1: Ball
1-1: Ball
2-1: Fly out, F7 (Flyball, 7M)
Batting: RHB Enrique Mendoza 0-0: Called Strike
Alfredo Farías steals 2nd base
0-1: Ball
1-1: SINGLE (Line Drive, 34)
Alfredo Farías to third
Batting: LHB Alan Moore 0-0: Ball
1-0: Called Strike
1-1: Foul Ball, location: 2F
1-2: SINGLE (Groundball, 56D)
Alfredo Farías scores
Enrique Mendoza to second
Batting: LHB Will Hill 0-0: Ball
1-0: Ball
2-0: Foul Ball, location: 2F
2-1: DOUBLE (Flyball, 7LD)
Enrique Mendoza scores
Alan Moore to third
Batting: RHB Howard Russell 0-0: Ground out 6-3 (Groundball, 6M)
Alan Moore scores
Will Hill to third
Batting: RHB Albert Cordero 0-0: Ball
1-0: Ball
2-0: Foul Ball, location: 2F
2-1: Swinging Strike
2-2: Foul Ball, location: 2F
2-2: Foul Ball, location: 2F
2-2: SINGLE (Flyball, 9S)
Will Hill scores
Batting: RHB Vincent Braun 0-0: Ball
1-0: 2-RUN HOME RUN (Flyball, 8RXD), Distance : 428 ft
Batting: RHB John Hill 0-0: Ball
1-0: Foul Ball, location: 2F
1-1: Swinging Strike
1-2: Strikes out swinging
Top of the 4th over - 6 run(s), 5 hit(s), 0 error(s), 0 left on base; Seattle 6 - Colorado 2
BOTTOM OF THE 4TH
Colorado Commanders batting - Pitching for Seattle Rainiers : LHP Nelson Béltre
Batting: RHB Tim Adkins 0-0: Called Strike
0-1: Ball
1-1: Ball
2-1: Ball
3-1: Foul Ball, location: 2F
3-2: Base on Balls
Batting: RHB Roberto Rodríguez 0-0: Ball
1-0: SINGLE (Groundball, 34D)
Tim Adkins to second
Runner from 2nd tries for 3rd, SAFE, throw made to third
Roberto Rodríguez to second
Batting: RHB Kyle Vélez 0-0: Ball
1-0: Ball
2-0: Foul Ball, location: 2F
2-1: Foul Ball, location: 2F
2-2: Ball
3-2: Strikes out swinging
Batting: RHB Tony Barton 0-0: Called Strike
0-1: Ball
1-1: Ball
2-1: Ball
3-1: Ground out 3-1 (Groundball, 34S)
Tim Adkins scores
Roberto Rodríguez to third
Batting: RHB Nick Crosby 0-0: Called Strike
0-1: Foul Ball, location: 2F
0-2: Fly out, F9 (Flyball, 89M)
Bottom of the 4th over - 1 run(s), 1 hit(s), 0 error(s), 1 left on base; Seattle 6 - Colorado 3
TOP OF THE 5TH
Seattle Rainiers batting - Pitching for Colorado Commanders : RHP Eddie Huber
Batting: RHB Alfredo Farías 0-0: Foul Ball, location: 2F
0-1: Foul Ball, location: 2F
0-2: Foul Ball, location: 2F
0-2: SINGLE (Groundball, 4MD)
Batting: LHB Mike White 0-0: Ball
1-0: Ball
2-0: Called Strike
2-1: Ball
3-1: Fielders Choice at 2nd, 4-6 (Groundball, 34)
Batting: RHB Enrique Mendoza 0-0: Ball
1-0: Fly out, F7 (Flyball, 78D)
Batting: LHB Alan Moore 0-0: Called Strike
Mike White steals 2nd base
0-1: Swinging Strike
0-2: Ball
1-2: Ball
2-2: Fly out, F8 (Flyball, 78M)
Top of the 5th over - 0 run(s), 1 hit(s), 0 error(s), 1 left on base; Seattle 6 - Colorado 3
BOTTOM OF THE 5TH
Colorado Commanders batting - Pitching for Seattle Rainiers : LHP Nelson Béltre
Batting: RHB Adam Reeves 0-0: DOUBLE (Flyball, 8LXD)
Batting: RHB Frank Martínez 0-0: Ball
1-0: Foul Ball, location: 2F
1-1: Called Strike
1-2: Strikes out swinging
Batting: RHB Alberto Soto 0-0: Ball
1-0: Ball
2-0: Ball
3-0: Called Strike
3-1: Ground out 4-3 (Groundball, 4S)
Adam Reeves to third
Batting: RHB Chris Rice 0-0: Ball
1-0: Ball
2-0: Called Strike
2-1: Ball
3-1: Foul Ball, location: 2F
3-2: Strikes out swinging
Bottom of the 5th over - 0 run(s), 1 hit(s), 0 error(s), 1 left on base; Seattle 6 - Colorado 3
TOP OF THE 6TH
Seattle Rainiers batting - Pitching for Colorado Commanders : RHP Eddie Huber
Pitching: RHP Juan Mesa
Batting: LHB Will Hill 0-0: Ball
1-0: Ball
2-0: Called Strike
2-1: Ball
3-1: Foul Ball, location: 2F
3-2: Foul Ball, location: 2F
3-2: Base on Balls
Batting: RHB Howard Russell 0-0: Foul Ball, location: 2F
0-1: Ball
1-1: Foul Ball, location: 2F
1-2: Strikes out swinging
Batting: RHB Albert Cordero 0-0: Called Strike
0-1: Ball
1-1: Ground out 5-3 (Groundball, 15S)
Will Hill to second
Batting: RHB Vincent Braun 0-0: Fly out, F3 (Popup, 3F)
Top of the 6th over - 0 run(s), 0 hit(s), 0 error(s), 1 left on base; Seattle 6 - Colorado 3
BOTTOM OF THE 6TH
Colorado Commanders batting - Pitching for Seattle Rainiers : LHP Nelson Béltre
Batting: RHB Tim Adkins 0-0: Swinging Strike
0-1: Ball
1-1: Fly out, F6 (Popup, 6D)
Pitching: RHP Dani Vásquez
Batting: RHB Roberto Rodríguez 0-0: Swinging Strike
0-1: Ball
1-1: Ball
2-1: Foul Ball, location: 2F
2-2: Strikes out looking
Batting: RHB Kyle Vélez 0-0: Called Strike
0-1: Ball
1-1: Fly out, F4 (Popup, 4M)
Bottom of the 6th over - 0 run(s), 0 hit(s), 0 error(s), 0 left on base; Seattle 6 - Colorado 3
TOP OF THE 7TH
Seattle Rainiers batting - Pitching for Colorado Commanders : RHP Juan Mesa
Batting: RHB John Hill 0-0: Ball
1-0: Ball
2-0: Ball
3-0: Called Strike
3-1: Base on Balls
Batting: RHB Alfredo Farías 0-0: Bunt missed!
0-1: Bunted foul
0-2: Strikes out swinging
Batting: LHB Mike White 0-0: Called Strike
0-1: Foul Ball, location: 2F
0-2: Fly out, F7 (Flyball, 7LMF)
Batting: RHB Enrique Mendoza 0-0: Ball
1-0: Ball
2-0: Fly out, F7 (Flyball, 7M)
Top of the 7th over - 0 run(s), 0 hit(s), 0 error(s), 1 left on base; Seattle 6 - Colorado 3
BOTTOM OF THE 7TH
Colorado Commanders batting - Pitching for Seattle Rainiers : RHP Dani Vásquez
Batting: RHB Tony Barton 0-0: Ball
1-0: Ball
2-0: Ball
3-0: Called Strike
3-1: Swinging Strike
3-2: Strikes out swinging
Batting: RHB Nick Crosby 0-0: Called Strike
0-1: Ball
1-1: Ball
2-1: Fly out, F3 (Popup, 3F)
Batting: RHB Adam Reeves 0-0: Ball
1-0: Ball
2-0: Ground out 5-3 (Groundball, 56)
Bottom of the 7th over - 0 run(s), 0 hit(s), 0 error(s), 0 left on base; Seattle 6 - Colorado 3
TOP OF THE 8TH
Seattle Rainiers batting - Pitching for Colorado Commanders : RHP Juan Mesa
Pitching: RHP Bill Davis
Batting: LHB Alan Moore 0-0: Ball
1-0: Called Strike
1-1: Foul Ball, location: 2F
1-2: Fly out, F7 (Flyball, 7LS)
Batting: LHB Will Hill 0-0: Ball
1-0: Called Strike
1-1: Ball
2-1: Ball
3-1: Foul Ball, location: 2F
3-2: Foul Ball, location: 2F
3-2: Ground out 4-3 (Groundball, 4)
Batting: RHB Howard Russell 0-0: Called Strike
0-1: Ball
1-1: Foul Ball, location: 2F
1-2: Ball
2-2: Strikes out looking
Top of the 8th over - 0 run(s), 0 hit(s), 0 error(s), 0 left on base; Seattle 6 - Colorado 3
BOTTOM OF THE 8TH
Colorado Commanders batting - Pitching for Seattle Rainiers : RHP Dani Vásquez
Batting: RHB Frank Martínez 0-0: Fly out, F8 (Flyball, 8LM)
Pitching: RHP Nick Clark
Batting: RHB Alberto Soto 0-0: Ground out 5-3 (Groundball, 56)
Batting: RHB Chris Rice 0-0: Called Strike
0-1: Ball
1-1: Ground out 5-3 (Groundball, 5S)
Bottom of the 8th over - 0 run(s), 0 hit(s), 0 error(s), 0 left on base; Seattle 6 - Colorado 3
TOP OF THE 9TH
Seattle Rainiers batting - Pitching for Colorado Commanders : RHP Bill Davis
Batting: RHB Albert Cordero 0-0: Ball
1-0: Ground out 4-3 (Groundball, 4M)
Batting: RHB Vincent Braun 0-0: Foul Ball, location: 2F
0-1: Called Strike
0-2: Ball
1-2: Ball
2-2: Ball
3-2: Foul Ball, location: 2F
3-2: Strikes out looking
Batting: RHB John Hill 0-0: Called Strike
0-1: Called Strike
0-2: Ball
1-2: Foul Ball, location: 2F
1-2: Ball
2-2: Strikes out swinging
Top of the 9th over - 0 run(s), 0 hit(s), 0 error(s), 0 left on base; Seattle 6 - Colorado 3
BOTTOM OF THE 9TH
Colorado Commanders batting - Pitching for Seattle Rainiers : RHP Nick Clark
Pitching: RHP Jim Thompson
Now at SS: Jorge Colón
Batting: RHB Tim Adkins 0-0: Ball
1-0: Ball
2-0: Swinging Strike
2-1: Foul Ball, location: 2F
2-2: Strikes out swinging
Batting: RHB Roberto Rodríguez 0-0: Ball
1-0: Called Strike
1-1: Foul Ball, location: 2F
1-2: Foul Ball, location: 2F
1-2: Strikes out swinging
Batting: RHB Kyle Vélez 0-0: Foul Ball, location: 2F
0-1: Fly out, F7 (Line Drive, 7LD)
Bottom of the 9th over - 0 run(s), 0 hit(s), 0 error(s), 0 left on base; Seattle 6 - Colorado 3
Monday, December 5th, 2016 - OOTP Baseball 17.12 Build 75